 Dungeon Crawl Stone Soup version 0.18.1-50-g88ac8fd (webtiles) character file.

7396 Gargoyl the Protected (level 10, -3/79 HPs)
             Began as a Demonspawn Abyssal Knight on Oct 29, 2016.
             Was a High Priest of Lugonu.
             Slain by Maud
             ... wielding a +4 great sword
              (10 damage)
             ... on level 10 of the Dungeon.
             The game lasted 00:19:12 (9746 turns).

Gargoyl the Protected (Demonspawn Abyssal Knight)   Turns: 9746, Time: 00:19:13

Health: -3/79      AC: 27    Str: 20    XL:     10   Next: 92%
Magic:  16/16      EV:  8    Int: 15    God:    Lugonu [*****.]
Gold:   232        SH:  0    Dex: 12    Spells: 0 memorised, 9 levels left

rFire  . . .     SeeInvis .     G - +3 war axe
rCold  . . .     Gourm    .     e - +10 plate armour {ponderous}
rNeg   . . .     Faith    .     (no shield)
rPois  +         Spirit   .     (no helmet)
rElec  .         Dismiss  .     (no cloak)
rCorr  .         Reflect  .     A - +2 pair of gloves
SustAt .         Harm     .     (no boots)
MR     .....                    B - amulet of rage
Stlth  ..........               q - ring of poison resistance
                                k - +5 ring of strength

@: slow, not resistant to hostile enchantments, extremely unstealthy
A: hooves 2, powered by death 1, rot immunity, sturdy frame 1
a: Depart the Abyss, Bend Space, Banish, Corrupt, Enter the Abyss, Renounce
Religion, Evoke Berserk Rage


You were on level 10 of the Dungeon.
You worshipped Lugonu.
Lugonu was extremely pleased with you.
You were not hungry.

You visited 1 branch of the dungeon, and saw 10 of its levels.
You visited the Abyss 1 time.
You also visited: Bailey.

You collected 520 gold pieces.
You spent 288 gold pieces at shops.

Inventory:

Hand Weapons
 u - a +3 hand axe of chopping
 G - a +3 war axe (weapon)
Missiles
 y - 7 javelins (quivered)
Armour
 e - a +10 plate armour of ponderousness (worn)
 A - a +2 pair of gloves (worn)
Jewellery
 k - a +5 ring of strength (left hand)
 q - a ring of poison resistance (right hand)
 B - an amulet of rage (around neck)
Wands
 j - a wand of flame (34/48)
 C - a wand of iceblast (15/15)
 I - a wand of flame (14/48)
Scrolls
 a - a scroll of fog
 b - 4 scrolls of teleportation
 g - 5 scrolls of blinking
 h - a scroll of fear
 p - 2 scrolls of remove curse
 t - a scroll of magic mapping
 z - a scroll of identify
 E - a scroll of holy word {unknown}
Potions
 d - 3 potions of lignification {unknown}
 i - a potion of haste {unknown}
 m - 2 potions of curing {unknown}
 n - a potion of cancellation {unknown}
 s - 3 potions of agility {unknown}
 v - a potion of beneficial mutation {unknown}
 w - 2 potions of berserk rage
 x - 2 potions of ambrosia {unknown}
 D - a potion of might {unknown}
 F - a potion of invisibility {unknown}
 J - a potion of mutation {unknown}
 K - a potion of experience {unknown}
Books
 l - a book of Cantrips

   Spells                             Type                      Level
   a - Corona                         Hexes                        1
   b - Animate Skeleton               Necromancy                   1
   c - Summon Small Mammal            Summoning                    1
   d - Apportation                    Translocation                1
 H - a book of Changes

   Spells                             Type                      Level
   a - Beastly Appendage              Transmutation                1
   b - Sticks to Snakes               Transmutation                2
   c - Spider Form                    Transmutation/Poison         3
   d - Ice Form                       Ice/Transmutation            4
   e - Blade Hands                    Transmutation                5
Comestibles
 c - 4 bread rations
 f - 5 meat rations
 o - a slice of pizza
 r - 2 beef jerkies
 L - a fruit


   Skills:
 + Level 7.4 Fighting
 + Level 8.0 Axes
 + Level 0.8 Throwing
 * Level 9.7 Armour
 + Level 2.7 Dodging
 * Level 9.3 Invocations


You had 9 spell levels left.
You didn't know any spells.

Dungeon Overview and Level Annotations

Branches:
Dungeon (10/15)               Orc (0/2) D:10
 Temple: D:4-7         Lair: D:8-11

Altars:
Ashenzari
Qazlal
Sif Muna

Shops:
D:5 [   D:7 ?

Annotations:
D:10 Maud


Innate Abilities, Weirdness & Mutations

You have hoof-like feet.
You regenerate a little health from kills.
You are immune to rotting.
Your movements are slightly less encumbered by armour (ER -2).


Message History

Your plate armour prevents you from hitting Maud.
Maud is severely wounded.
Maud completely misses you.
You closely miss Maud.
Maud is severely wounded.
Maud closely misses you.
You slash Maud! You kick Maud, but do no damage.
Maud is severely wounded.
Maud hits you with an enchanted great sword!!
* * * LOW HITPOINT WARNING * * *
You slash Maud! Your kick misses Maud.
Maud is almost dead.
You hit Maud. You kick Maud, but do no damage.
Maud is almost dead.
Maud hits you with an enchanted great sword!
* * * LOW HITPOINT WARNING * * *
You hit Maud.
Maud is almost dead.
Maud hits you with an enchanted great sword!
You die...

#.# #.# #.# #.# #.#
#.# #.# ######.####
####### ...........#
#@@...#
######...#.####.###.#
#.............#
##...######.#.# ##.##
#.#... #.# ... ...
#.# .#####.# #+ . .#
#. #


You could see Maud.

Vanquished Creatures
  A hill giant (D:10)
  Pikel (D:8)
  Psyche (D:8)
  A troll (D:10)
  Grinder (D:6)
  Sigmund (D:5)
  The ghost of Schattenjager the Skirmisher, an amateur HuWn (D:3)
  A hippogriff (D:8)
  Menkaure (D:7)
  4 wargs (D:10)
  9 ogres
  2 ice beasts
  4 slaves (D:8)
  7 orc warriors
  3 necrophages
  2 phantoms
  5 centaurs
  A big kobold (D:7)
  4 giant frogs
  A wyvern skeleton (D:9)
  3 scorpions
  5 killer bees (D:8)
  8 howler monkeys
  6 wights (D:6)
  A crimson imp (D:5)
  An orc wizard (D:10)
  2 orc priests (D:4)
  2 centaur skeletons
  2 iguanas
  4 worker ants
  2 worker ant zombies
  10 gnolls
  11 adders
  An ooze (D:1)
  2 worms
  5 dart slugs
  8 giant geckos
  16 orcs
  A ball python (D:3)
  A giant cockroach (D:1)
  12 goblins
  7 hobgoblins
  7 jackals
  30 kobolds
  4 quokkas
  A bat (D:1)
  A giant gecko zombie (D:6)
  7 giant newts
  A quokka skeleton (D:4)
  10 rats
222 creatures vanquished.

Vanquished Creatures (others)
  A komodo dragon (D:10)
1 creature vanquished.

Grand Total: 223 creatures vanquished

Notes
Turn   | Place    | Note
--------------------------------------------------------------
     0 | Abyss:1  | Gargoyl the Demonspawn Abyssal Knight began the quest for the Orb.
     0 | Abyss:1  | Reached XP level 1. HP: 18/18 MP: 2/2
    16 | Abyss:2  | Noticed a large abomination
    53 | Abyss:3  | Found a corrupted altar of Lugonu.
    53 | Abyss:3  | Noticed a big kobold
    53 | Abyss:3  | Noticed a big kobold
    53 | Abyss:3  | Noticed a big kobold
    53 | Abyss:3  | Noticed a big kobold
    53 | Abyss:3  | Noticed a big kobold
    53 | Abyss:3  | Noticed a big kobold
    53 | Abyss:3  | Noticed a big kobold
    53 | Abyss:3  | Noticed a big kobold
    54 | D:1      | Escaped the Abyss
   381 | D:1      | Gained mutation: You have large cloven feet. [demonic ancestry]
   381 | D:1      | Reached XP level 2. HP: 16/24 MP: 4/4
   675 | D:1      | You fall through a shaft!
   694 | D:2      | Reached * piety under Lugonu
   732 | D:2      | Reached XP level 3. HP: 26/29 MP: 5/5
  1591 | D:2      | Gained mutation: Your movements are slightly less encumbered by armour (ER -2). [demonic ancestry]
  1591 | D:2      | Reached XP level 4. HP: 36/37 MP: 6/6
  1993 | D:3      | Reached ** piety under Lugonu
  2158 | D:3      | Noticed Schattenjager's ghost (amateur HuWn)
  2210 | D:3      | Killed Schattenjager's ghost
  2210 | D:3      | Reached skill level 1 in Dodging
  2210 | D:3      | Reached XP level 5. HP: 14/42 MP: 6/8
  2777 | D:4      | Gained mutation: You have hoof-like feet. [demonic ancestry]
  2777 | D:4      | Reached XP level 6. HP: 35/49 MP: 9/9
  3410 | D:4      | Reached XP level 7. HP: 29/55 MP: 10/10
  3423 | D:4      | Reached skill level 5 in Invocations
  3894 | D:5      | Entered Level 5 of the Dungeon
  3894 | D:5      | Found a stormy altar of Qazlal.
  3920 | D:5      | Reached *** piety under Lugonu
  3934 | D:4      | Reached skill level 5 in Armour
  3935 | D:4      | Reached skill level 5 in Fighting
  4190 | D:5      | Noticed Sigmund
  4390 | D:5      | Killed Sigmund
  4390 | D:5      | Gained mutation: You are immune to rotting. [demonic ancestry]
  4390 | D:5      | Reached XP level 8. HP: 46/62 MP: 12/12
  4614 | D:5      | Found Uruheh's Antique Armour Boutique.
  4638 | D:5      | Bought a pair of embroidered gloves for 126 gold pieces
  5247 | D:6      | Reached skill level 5 in Axes
  5432 | D:6      | Noticed Grinder
  5449 | D:6      | Paralysed by Grinder for 2 turns
  5452 | D:6      | Paralysed by Grinder for 5 turns
  5463 | D:6      | Killed Grinder
  5482 | D:6      | Reached XP level 9. HP: 68/69 MP: 14/14
  5736 | D:6      | Reached **** piety under Lugonu
  5912 | D:6      | Found a shattered altar of Ashenzari.
  5912 | D:6      | Found a deep blue altar of Sif Muna.
  6019 | D:7      | Found Epauputz's Magic Scroll Boutique.
  6028 | D:7      | Bought a scroll of teleportation for 36 gold pieces
  6028 | D:7      | Bought a scroll of enchant weapon for 90 gold pieces
  6028 | D:7      | Bought a scroll of teleportation for 36 gold pieces
  6264 | D:7      | Noticed Menkaure
  6272 | D:7      | Killed Menkaure
  6950 | D:8      | Noticed Pikel
  7055 | D:8      | Noticed Psyche
  7077 | D:8      | Killed Psyche
  7474 | D:8      | Killed Pikel
  7474 | D:8      | Gained mutation: You regenerate a little health from kills. [demonic ancestry]
  7474 | D:8      | Reached XP level 10. HP: 74/77 MP: 14/16
  7747 | D:9      | Found a flagged portal.
  7757 | Bailey   | Entered a bailey
  7797 | Bailey   | Reached ***** piety under Lugonu
  8518 | D:10     | Entered Level 10 of the Dungeon
  8534 | D:10     | Found a staircase to the Orcish Mines.
  8698 | D:10     | Noticed a hill giant
  8709 | D:10     | Killed a hill giant
  9729 | D:10     | Noticed Maud
  9746 | D:10     | Slain by Maud

Skill      XL: |  1  2  3  4  5  6  7  8  9 10 |
---------------+-------------------------------+-----
Armour         | 2 3 4 5 6 8 9 |  9.7
Invocations    | 3 4 5 6 8 9 |  9.3
Axes           | 2 3 4 5 6 8 |  8.0
Fighting       | 4 5 6 7 |  7.4
Dodging        | 1 2 |  2.7
Throwing       | |  0.8

Action                   |  1- 3 |  4- 6 |  7- 9 | 10-12 || total
-------------------------+-------+-------+-------+-------++-------
Melee: Hand axe          |   108 |   223 |   373 |       ||   704
       Kick              |    20 |    55 |   124 |    82 ||   281
       War axe           |       |       |    81 |   274 ||   355
Throw: Tomahawk          |       |     3 |     2 |       ||     5
       Javelin           |       |       |       |     3 ||     3
Invok: Depart the Abyss  |     1 |       |       |       ||     1
       Bend Space        |       |       |       |     2 ||     2
       Banish            |       |       |       |     2 ||     2
 Abil: Evoke Berserk Rag |       |       |     1 |       ||     1
  Use: Scroll            |     4 |     1 |    16 |     4 ||    25
       Potion            |       |     4 |     1 |     1 ||     6
  Eat: Chunk             |     3 |     6 |     6 |     6 ||    21
       Bread ration      |       |       |     2 |     1 ||     3
Armor: Plate armour      |    89 |   184 |   351 |   274 ||   898
Dodge: Dodged            |    32 |    75 |   187 |   185 ||   479
